 Dungeon Crawl Stone Soup version 0.21.1-1-g345015f (webtiles) character file.

147 Supreme the Magician (level 5, 0/28 HPs)
             Began as a Deep Elf Wizard on Apr 25, 2018.
             Killed from afar by an orc wizard (5 damage)
             ... with a magic dart
             ... on level 3 of the Dungeon.
             The game lasted 00:20:17 (2160 turns).

Supreme the Magician (Deep Elf Wizard)              Turns: 2160, Time: 00:20:17

Health: 0/28       AC:  2    Str:  4    XL:     5   Next: 7%
Magic:  1/15       EV: 13    Int: 24    God:
Gold:   86         SH:  0    Dex: 13    Spells: 6/16 levels left

rFire    . . .     SeeInvis .   s - +1 mace (holy)
rCold    . . .     Gourm    .   (no shield)
rNeg     . . .     Faith    .   a - +0 robe
rPois    .         Spirit   .   b - +0 hat
rElec    .         Reflect  .   (no cloak)
rCorr    .         Harm     .   (no gloves)
MR       .....                  (no boots)
Stlth    ++........             (no amulet)
HPRegen  0.09/turn              (no ring)
MPRegen  0.14/turn              (no ring)

@: very slightly contaminated
A: no striking features
a: no special abilities


You were on level 3 of the Dungeon.
You were not hungry.

You visited 1 branch of the dungeon, and saw 3 of its levels.

You collected 86 gold pieces.

Inventory:

Hand Weapons
 h - a +0 dagger
 l - a +0 spear
 n - a +0 short sword
 o - a +0 hunting sling
 q - a +0 long sword
 s - a +1 mace of holy wrath (weapon)
Missiles
 g - 155 stones (quivered)
 i - 18 arrows
 m - 33 poisoned needles
 r - 3 needles of sleeping
Armour
 a - a +0 robe (worn)
 b - a +0 hat (worn)
 u - a +0 scale mail of magic resistance
Scrolls
 e - a scroll of teleportation
 f - a scroll of summoning {unknown}
 j - 3 scrolls of identify
 k - 3 scrolls of remove curse
 p - a scroll of immolation {unknown}
Potions
 v - a potion of haste {unknown}
 w - a potion of ambrosia {unknown}
Books
 c - a book of Minor Magic

   Spells                             Type                      Level
   a - Magic Dart                     Conjuration                  1
   b - Blink                          Translocation                2
   c - Call Imp                       Summoning                    2
   d - Slow                           Hexes                        2
   e - Conjure Flame                  Conjuration/Fire             3
   f - Mephitic Cloud                 Conjuration/Poison/Air       3
Comestibles
 d - 11 rations
 t - 4 chunks of flesh


   Skills:
 + Level 0.9 Fighting
 + Level 3.0 Dodging
 + Level 3.2 Stealth
 + Level 6.0 Spellcasting
 + Level 2.6 Conjurations
 + Level 1.7 Summonings
 + Level 1.1 Translocations


You had 6 spell levels left.
You knew the following spells:

 Your Spells              Type           Power        Failure   Level  Hunger
a - Magic Dart            Conj           ###.         2%          1    None
b - Blink                 Tloc           N/A          8%          2    None
c - Slow                  Hex            #.......     12%         2    None
d - Call Imp              Summ           ###.....     6%          2    None
e - Conjure Flame         Conj/Fire      ##......     14%         3    #......


Dungeon Overview and Level Annotations

Branches:
Dungeon (3/15)

Altars:


Message History

Press: ? - help, Dir - move target cursor, p - orc wizard The fire ignites!
Casting: Conjure Flame
Confirm with . or Enter, or press ? or * to list all spells.
Aiming: Magic Dart
Press: ? - help, Shift-Dir - straight line, f - orc wizard
Aim: an orc wizard, wielding a dagger and wearing a robe (heavily wounded, fast)
The magic dart hits the orc wizard.
The orc wizard is heavily wounded.
The orc wizard points at you and mumbles some strange words.
The magic dart hits you!
* * * LOW HITPOINT WARNING * * *
Casting: Magic Dart
Confirm with . or Enter, or press ? or * to list all spells.
You don't have enough magic to cast that spell.
Unknown command.
Unknown command.
The orc wizard gestures at you while chanting.
The magic dart hits you!
You die...

.# .. . #. ### ..
.. .(###. #. #.
#.... #..##. #..#
#
##...#.###..##.#..
.......@.§o......>
##...#####o5##...
#.. #§.#
#.#######..#
#.....5..5.#
#†########## #.#
#.# ...########5#


You could see an orc wizard, an orc and a friendly crimson imp.

Vanquished Creatures
  5 adders
  3 worms (D:2)
  3 dart slugs
  4 leopard geckos
  2 ball pythons
  6 bats
  4 giant cockroaches
  8 goblins
  3 hobgoblins (D:2)
  2 quokkas
  4 frilled lizards
  4 kobolds
  5 rats (D:1)
53 creatures vanquished.

Vanquished Creatures (collateral kills)
  A hound (D:2)
  2 adders
  A kobold (D:2)
4 creatures vanquished.

Grand Total: 57 creatures vanquished

Notes
Turn   | Place    | Note
-------+----------+-------------------------------------------
     0 | D:1      | Supreme the Deep Elf Wizard began the quest for the Orb.
     0 | D:1      | Reached XP level 1. HP: 10/10 MP: 7/7
   209 | D:1      | Reached XP level 2. HP: 15/15 MP: 4/9
   213 | D:1      | Learned a level 2 spell: Blink
   216 | D:1      | Learned a level 2 spell: Slow
   219 | D:1      | Learned a level 2 spell: Call Imp
   234 | D:1      | Reached skill level 5 in Spellcasting
   746 | D:1      | Reached XP level 3. HP: 19/19 MP: 5/11
   751 | D:1      | Learned a level 3 spell: Conjure Flame
  1213 | D:2      | Reached XP level 4. HP: 11/24 MP: 8/13
  1598 | D:2      | Reached skill level 6 in Spellcasting
  2134 | D:3      | Reached XP level 5. HP: 22/28 MP: 11/15
  2160 | D:3      | Killed from afar by an orc wizard

Skill      XL: |  1  2  3  4 |
---------------+-------------+-----
Spellcasting   | 5 6 |  6.0
Stealth        | 3 |  3.2
Conjurations   | 2 |  2.6
Dodging        | 3 |  3.0
Fighting       | |  0.9
Summonings     | |  1.7
Translocations | |  1.1

Action                   |  1- 3 |  4- 6 || total
-------------------------+-------+-------++-------
Melee: Dagger            |    11 |     4 ||    15
       Spear             |       |    56 ||    56
       Mace              |       |     3 ||     3
 Cast: Magic Dart        |    69 |    91 ||   160
       Call Imp          |     4 |     3 ||     7
       Conjure Flame     |     1 |     5 ||     6
  Use: Scroll            |     3 |       ||     3
       Potion            |     1 |       ||     1
 Stab: Sleeping          |     3 |     4 ||     7
  Eat: Chunk             |     1 |     3 ||     4
Armor: Robe              |     6 |     6 ||    12
Dodge: Dodged            |    23 |    16 ||    39
